AoeStats
← El loco

Arabia

511020764Analyzed
1v1 RM · 16d ago on Oct 3, 2026· 60m 4s· 2 players
Game mode
Random Map
Map size
Tiny (2 player)
Population
200
Speed
Normal
Resources
Standard
Victory
Conquest
Starting age
Dark Age
Ending age
Imperial Age
RankedLock teamsTeams togetherTeam positionsShared explorationLock speedFull tech treeHidden civsTurbo modeCheats
Victory
Defeat
🇸🇪 Danes · Sweden
1292
+14
vs
🇦🇷 Byzantines · Argentina
1256
-14
TheRealDonaldTrump
6:48 Loom
9:00 Feudal Age
9:44 Town Watch
9:28 Man-at-Arms
10:30 Horse Collar
14:48 Double-Bit Axe
19:58 Castle Age
18:59 Scale Barding Armor
19:08 Forging
20:18 Bloodlines
20:16 Fletching
20:47 Scale Barding Armor
21:05 Gold Mining
22:22 Bow Saw
22:27 Husbandry
22:57 Heavy Plow
23:43 Bodkin Arrow
31:32 Wheelbarrow
34:01 Imperial Age
32:09 Stone Mining
32:33 Scale Mail Armor
33:21 Iron Casting
32:52 Squires
33:54 Chain Mail Armor
35:01 Hand Cart
35:54 Blast Furnace
35:18 Bracer
36:35 Plate Mail Armor
38:39 Heavy Scorpion
40:24 Ballistics
40:10 Siege Engineers
40:17 Masonry
41:09 Chemistry
41:29 Conscription
40:45 Hamask
40:47 Elite Jomsviking
47:39 Town Patrol
51:08 Arson
51:09 Gambesons
52:06 Onager
53:24 Siege Onager
54:33 Northmen's Fury
56:36 Elite Varangian Guard
El loco
6:10 Loom
8:56 Feudal Age
9:23 Double-Bit Axe
17:11 Fletching
22:37 Castle Age
21:19 Forging
21:03 Horse Collar
20:56 Man-at-Arms
21:50 Gold Mining
22:15 Scale Mail Armor
24:15 Iron Casting
23:36 Bodkin Arrow
23:18 Long Swordsman
24:00 Squires
25:39 Padded Archer Armor
25:08 Crossbowman
29:18 Gambesons
31:56 Leather Archer Armor
32:17 Treadmill Crane
33:54 Wheelbarrow
33:43 Pikeman
37:45 Imperial Age
35:54 Stone Mining
36:39 Gold Shaft Mining
37:45 Chain Mail Armor
38:00 Ballistics
38:56 Bracer
39:26 Ring Archer Armor
39:06 Two-Handed Swordsman
40:01 Heavy Plow
41:57 Conscription
44:29 Thumb Ring
43:45 Arbalester
47:26 Plate Mail Armor
47:01 Scale Barding Armor
46:21 Champion
46:28 Halberdier
47:53 Crop Rotation
48:45 Chemistry
52:09 Elite Skirmisher
58:12 Elite Varangian Guard
58:32 Light Cavalry
59:12 Husbandry
Connection lost

Rejoining the realm…

Still unreachable

The connection could not be restored.

Session expired

The server has moved on; the page needs a fresh start.